 Dungeon Crawl Stone Soup version 0.24.1-8-ga250c9d538 (webtiles) character file.

Game seed: 1258371451695583304, levelgen mode: deterministic

1597 Hugehornet the Basher (level 8, -6/46 HPs)
             Began as a Gargoyle Fighter on Apr 30, 2020.
             Mangled by an orc warrior
             ... wielding a +0 dire flail
              (17 damage)
             ... on level 6 of the Dungeon.
             The game lasted 00:10:40 (4828 turns).

Hugehornet the Basher (Gargoyle Fighter)            Turns: 4828, Time: 00:10:41

Health: -6/46      AC: 16    Str: 23    XL:     8   Next: 93%
Magic:  8/8        EV:  7    Int:  8    God:
Gold:   259        SH:  9    Dex:  9    Spells: 7/7 levels left

rFire    + . .     SeeInvis .   a - +0 flail
rCold    . . .     Gourm    .   c - +0 shield
rNeg     + . .     Faith    .   s - +3 scale mail {rF+}
rPois    ∞         Spirit   .   (no helmet)
rElec    +         Reflect  .   m - +0 cloak
rCorr    .         Harm     .   (no gloves)
MR       .....                  (no boots)
Stlth    ..........             (no amulet)
HPRegen  0.15/turn              z - ring of poison resistance
MPRegen  0.11/turn              (no ring)

@: no status effects
A: negative energy resistance 1, electricity resistance, unbreathing,
petrification resistance, rot immunity, AC +5
a: no special abilities


You were on level 6 of the Dungeon.
You were not hungry.

You visited 1 branch of the dungeon, and saw 6 of its levels.

You collected 259 gold pieces.

Inventory:

Hand Weapons
 a - a +0 flail (weapon)
Armour
 c - a +0 shield (worn)
 m - a +0 cloak (worn)
 s - a +3 scale mail of fire resistance (worn)
Jewellery
 z - a ring of poison resistance (left hand)
Wands
 d - a wand of flame (32)
 u - a wand of polymorph (7)
Scrolls
 g - a scroll of enchant weapon {unknown}
 h - a scroll of fear {unknown}
 i - 5 scrolls of teleportation
 j - 4 scrolls of identify {unknown}
 n - 2 scrolls of enchant armour {unknown}
 p - 3 scrolls of remove curse {unknown}
 q - 3 scrolls of amnesia {unknown}
 t - a scroll of immolation {unknown}
 w - a scroll of magic mapping {unknown}
 x - a scroll of fog {unknown}
 y - a scroll of vulnerability {unknown}
Potions
 b - 2 potions of mutation {unknown}
 e - a potion of flight {unknown}
 k - a potion of berserk rage {unknown}
 l - 2 potions of haste {unknown}
 o - 4 potions of lignification {unknown}
 r - a potion of brilliance {unknown}
 v - a potion of heal wounds {unknown}
 A - a potion of agility {unknown}
Comestibles
 f - 11 rations


   Skills:
 - Level 3.2 Fighting
 + Level 11.0 Maces & Flails
 - Level 3.2 Armour
 - Level 3.2 Shields


You had 7 spell levels left.
You didn't know any spells.
Your spell library was empty.

Dungeon Overview and Level Annotations

Branches:
Dungeon (6/15)
 Temple: D:4-7

Altars:
Ashenzari


Innate Abilities, Weirdness & Mutations

You are resistant to torment.
Your stone body is resilient. (AC +5)
You are immune to poison.
You resist negative energy. (rN+)
You are resistant to electric shocks. (rElec)
You can survive without breathing.
You are immune to petrification.
You are immune to rotting.


Message History

The orc warrior barely misses you.
You barely miss the orc warrior.
The orc warrior is severely wounded.
The orc warrior hits you with a +0 dire flail!!
You barely miss the orc warrior.
The orc warrior is severely wounded.
You hit the orc warrior but do no damage.
The orc warrior is severely wounded.
The orc warrior hits you with a +0 dire flail.
* * * LOW HITPOINT WARNING * * *
You hit the orc warrior but do no damage.
The orc warrior is severely wounded.
You block the orc warrior's attack.
You hit the orc warrior.
The orc warrior is severely wounded.
You block the orc warrior's attack.
You barely miss the orc warrior.
The orc warrior is severely wounded.
The orc warrior hits you with a +0 dire flail!
You die... .#.#.#.#.#.#....#....... #.#.#.#.#.#.#.#####...## .#.#.#.#.#.#.#.# o..# #.#.#.#.#.#.#)## ooo#

.#.#.#.#.#.#.#.###
#.#.#.#.#.#.#.#..# #.
.#.#.#.#.#.#.#.#o# #.#
#.#.#.#.#.#.#.##o# ####.#
.#.#.#.#.#.#.#.#@# #....#
#|#.#.#.#.#.#.##.# #....#
.#.#.#.#.#.#.#.#.# #...[#
#.#.#.#.#.#.#.##.####....######
.#.#.#.#.#.#.#.#..............#
#.#.#.#.#.#†#.#######....####.#
.#.#.#.#.#.#.#.....).....# #.###
#.#.#.#.#.#.#.#####......# #....
.#.#.#.#.#.#.#.........##########


You could see an orc warrior and an orc.

Vanquished Creatures
  The ghost of Fairytaker the Chopper, a novice DDFi (D:5)
  Prince Ribbit (D:5)
  Grinder (D:3)
  Sigmund (D:6)
  A phantom (D:4)
  A scorpion (D:6)
  A howler monkey (D:4)
  2 crimson imps
  3 hounds
  A centaur skeleton (D:4)
  A bullfrog skeleton (D:4)
  An iguana (D:5)
  An orc wizard (D:4)
  Ijyb (D:3)
  2 worker ants
  A killer bee zombie (D:5)
  A hound skeleton (D:5)
  Robin (D:3)
  2 worker ant zombies
  3 adders
  2 shadow imps
  2 oozes
  An adder skeleton (D:4)
  6 dart slugs
  4 leopard geckos
  6 orcs
  A ball python (D:2)
  6 bats
  6 giant cockroaches
  15 goblins
  6 hobgoblins
  3 jackals (D:4)
  4 quokkas
  7 frilled lizards
  A jackal zombie (D:5)
  8 kobolds
  A quokka zombie (D:5)
  5 rats
111 creatures vanquished.

Notes
Turn   | Place    | Note
-------+----------+-------------------------------------------
     0 | D:1      | Hugehornet the Gargoyle Fighter began the quest for the
                  | Orb.
     0 | D:1      | Reached XP level 1. HP: 14/14 MP: 1/1
    39 | D:1      | Reached XP level 2. HP: 17/19 MP: 2/2
    64 | D:1      | Reached skill level 3 in Maces & Flails
   233 | D:1      | Reached XP level 3. HP: 23/23 MP: 3/3
   934 | D:2      | Found a faded altar of an unknown god.
   971 | D:2      | Reached skill level 4 in Maces & Flails
  1230 | D:3      | Noticed Ijyb
  1237 | D:3      | Noticed Grinder
  1239 | D:3      | Killed Ijyb
  1239 | D:3      | Reached XP level 4. HP: 14/28 MP: 4/4
  1244 | D:3      | Killed Grinder
  1244 | D:3      | Reached skill level 6 in Maces & Flails
  1244 | D:3      | Reached XP level 5. HP: 16/32 MP: 5/5
  1244 | D:3      | Reached XP level 6. HP: 19/37 MP: 6/6
  1457 | D:3      | Noticed Robin
  1497 | D:3      | Killed Robin
  2063 | D:4      | Found a shattered altar of Ashenzari.
  2162 | D:4      | Reached skill level 7 in Maces & Flails
  2433 | D:4      | Reached XP level 7. HP: 41/41 MP: 7/7
  2541 | D:4      | Reached skill level 8 in Maces & Flails
  3051 | D:5      | Entered Level 5 of the Dungeon
  3376 | D:5      | Noticed Prince Ribbit
  3403 | D:5      | Killed Prince Ribbit
  3403 | D:5      | Reached skill level 9 in Maces & Flails
  3403 | D:5      | Reached XP level 8. HP: 7/46 MP: 8/8
  4024 | D:5      | Found a runed translucent gate.
  4024 | D:5      | Found a runed translucent gate.
  4024 | D:5      | Found a runed translucent gate.
  4024 | D:5      | Noticed Fairytaker's ghost (novice DDFi)
  4139 | D:5      | Killed Fairytaker's ghost
  4139 | D:5      | Reached skill level 10 in Maces & Flails
  4615 | D:6      | Noticed Sigmund
  4671 | D:6      | Killed Sigmund
  4671 | D:6      | Reached skill level 11 in Maces & Flails
  4828 | D:6      | Mangled by an orc warrior

Levels and vault maps discovered:
D:1:      lemuel_arrival_broad_hall, layout_loops_cross
D:2:      layout_basic, chequers_ecumenical_altar_simple_redux
D:3:      layout_rooms, minmay_increasing_density, uniq_grinder, uniq_ijyb,
          uniq_robin
D:4:      layout_loops_ring, nicolae_ashenzari_panopticon
D:5:      layout_gridville, first_ration, ebering_ghost_rock_garden,
          hangedman_decor_peaks_small, uniq_prince_ribbit1
D:6:      layout_basic, uniq_edmund, uniq_sigmund

Skill      XL: |  1  2  3  4  5  6  7  8 |
---------------+-------------------------+-----
Maces & Flails | 3 4 6 7 9 11 | 11.0
Fighting       | |  3.2
Armour         | |  3.2
Shields        | |  3.2

Action                   |  1- 3 |  4- 6 |  7- 9 || total
-------------------------+-------+-------+-------++-------
Melee: Flail             |   127 |   165 |   280 ||   572
  Use: Potion            |     1 |       |     1 ||     2
       Scroll            |       |       |     1 ||     1
  Eat: Chunk             |     1 |     4 |     3 ||     8
       Ration            |       |       |     2 ||     2
Armor: Scale mail        |    71 |   163 |   119 ||   353
Dodge: Dodged            |    44 |    45 |    65 ||   154
Block: Shield            |    55 |    96 |    85 ||   236
